 Dungeon Crawl Stone Soup version 0.30-a0-632-g346586fe48 (webtiles) character file.

Game seed: 14679668029727978839

148 acebull12 the Grave Robber (level 5, -5/39 HPs)
             Began as a Ghoul Necromancer on Jan 13, 2023.
             Splashed by a jelly's acid (6 damage)
             ... on level 3 of the Dungeon.
             The game lasted 00:14:19 (4068 turns).

acebull12 the Grave Robber (Ghoul Necromancer)      Turns: 4068, Time: 00:14:20

Health: -5/39      AC:  0    Str: 12    XL:     5   Next: 30%
Magic:  8/8        EV: 11    Int: 12    God:
Gold:   197        SH:  0    Dex:  9    Spells: 9/10 levels left

rFire   . . .      SeeInvis .    t - +2 whip (flame)
rCold   + . .      Faith    .    (no shield)
rNeg    + + +      Spirit   .    l - +0 leather armour
rPois   ∞          Reflect  .    (no helmet)
rElec   .          Harm     .    (no cloak)
rCorr   .          Rampage  .    (no gloves)
Will    .....                    (no boots)
Stlth   ++                       (no amulet)
HPRegen 0.00/turn                c - ring of flight
MPRegen 0.11/turn                (no ring)

@: corroded, flying, inhibited regen
A: claws 1, cold resistance 1, negative energy resistance 3, inhibited
regeneration, torment resistance 2, devour on kill
a: no special abilities


You were on level 3 of the Dungeon.
You visited 1 branch of the dungeon, and saw 4 of its levels.

You collected 197 gold pieces.

Inventory:

Hand Weapons
 j - a +1 dagger of speed
 t - a +2 whip of flaming (weapon)
Missiles
 f - 34 stones
 x - 2 curare-tipped darts
Armour
 a - a +0 robe
 l - a +0 leather armour (worn)
Jewellery
 c - a ring of flight (left claw)
 r - an amulet of regeneration
Wands
 n - a wand of polymorph (6)
 u - a wand of digging (5)
Scrolls
 e - a scroll of teleportation {unknown}
 h - a scroll of fear {unknown}
 i - 3 scrolls of identify {unknown}
 k - 2 scrolls of magic mapping {unknown}
 s - 2 scrolls of silence {unknown}
 v - a scroll of noise {unknown}
 y - a scroll of blinking {unknown}
Potions
 b - 2 potions of magic
 d - 2 potions of degeneration {unknown}
 g - a potion of cancellation {unknown}
 m - 2 potions of attraction {unknown}
 o - a potion of lignification {unknown}
 p - a potion of flight {unknown}
 q - 3 potions of curing {unknown}
 w - a potion of haste {unknown}


   Skills:
 + Level 0.3 Fighting
 + Level 0.3 Armour
 + Level 1.8 Dodging
 + Level 2.4 Stealth
 + Level 1.2 Unarmed Combat
 * Level 3.0 Spellcasting
 * Level 5.2 Necromancy


You had 9 spell levels left.
You knew the following spells:

 Your Spells              Type           Power      Damage    Failure   Level
a - Necrotise             Necr           56%        1d6       3%          1

Your spell library contained the following spells:

 Spells                   Type           Power      Damage    Failure   Level
 Vampiric Draining        Necr           14%        2d7       11%         3
 Shock                    Conj/Air       4%         1d3       30%         1
 Animate Dead             Necr           14%        N/A       36%         4
 Swiftness                Air            1%         N/A       67%         3
 Agony                    Necr           14%        N/A       71%         5
 Airstrike                Air            0%         2d(1-17)  97%         4


Dungeon Overview and Level Annotations

Branches:
Dungeon (4/15)
 Temple: D:4-7

Altars:
Kikubaaqudgha


Innate Abilities, Weirdness & Mutations

You are immune to poison.
You have sharp fingernails.
Your flesh is cold resistant. (rC+)
You are immune to negative energy. (rN+++)
You do not regenerate when monsters are visible.
You are immune to unholy pain and torment.
You thrive by killing the living.


Message History

Aiming: Necrotise (safe; 3% risk of failure)
Press: ? - help, Shift-Dir - straight line, f/p - orc
Aim: an orc, wielding a +0 mace and wearing a +0 leather armour (heavily wounded, chance to affect: 84%)
The orc writhes in agony.
The orc barely misses you. The jelly closely misses you.
The jelly hits you but does no damage.
You completely miss the orc.
The orc is almost dead.
The orc hits you with a +0 mace. The jelly hits you but does no damage.
You barely miss the orc.
The orc is almost dead.
The orc hits you but does no damage. The jelly closely misses you.
You closely miss the orc.
The orc is almost dead.
The orc hits you with a +0 mace. The jelly hits you but does no damage.
The orc wizard casts a spell.
The orc wizard flickers and vanishes!
Deactivating autopickup; reactivate with Ctrl-A.
You hit the orc. You burn the orc.
You kill the orc!
The jelly hits you.
You are splashed with acid!
Something hits you. The jelly attacks as you move away!
The jelly hits you but does no damage.
A puff of flame appears from out of thin air!
The puff of flame misses you.
A puff of flame appears from out of thin air!
The puff of flame hits you!
* * * LOW HITPOINT WARNING * * *
The jelly attacks as you move away! The jelly hits you but does no damage.
The jelly attacks as you move away! The jelly hits you but does no damage.
The jelly attacks as you move away! The jelly hits you but does no damage.
There is a stone staircase leading up here.
The jelly closely misses you.
You fly upwards.
Reactivating autopickup.
There is a stone staircase leading down here.
The jelly hits you.
* * * LOW HITPOINT WARNING * * *
The acid corrodes you!
You are splashed with acid.
You die...

########## #........# #........#
#........###### #.............#
########......# #......# #>.....#
###### #J@....# #....# #####
#....>.# #....# ....########
#......# #....# ..#........#
#......# #....# <..........#
#......####.)..# ........<..#
#......)..)....####
..##.......####......####........
..##.......'.........#.....######
..##.......#.##########....# #


You could see a jelly.

Vanquished Creatures
  4 adders
  A worm (D:4)
  2 dart slugs
  7 orcs
  12 ball pythons
  7 bats
  8 endoplasms
  A giant cockroach (D:3)
  4 goblins
  11 hobgoblins
  5 jackals
  6 quokkas
  7 kobolds
  2 rats (D:2)
77 creatures vanquished.

Vanquished Creatures (collateral kills)
  An adder (D:2)
1 creature vanquished.

Grand Total: 78 creatures vanquished

Notes
Turn   | Place    | Note
-------+----------+-------------------------------------------
     0 | D:1      | acebull12 the Ghoul Necromancer began the quest for the
                  | Orb.
     0 | D:1      | Reached XP level 1. HP: 14/14 MP: 2/2
    73 | D:1      | Noticed an anaconda
   129 | D:1      | Noticed a black mamba
   195 | D:1      | Reached XP level 2. HP: 17/20 MP: 0/3
   548 | D:1      | Reached skill level 1 in Unarmed Combat
   548 | D:1      | Reached XP level 3. HP: 26/26 MP: 0/5
  1372 | D:2      | Found an ancient bone altar of Kikubaaqudgha.
  1433 | D:2      | Reached XP level 4. HP: 29/33 MP: 3/6
  2671 | D:2      | Reached skill level 5 in Necromancy
  3131 | D:3      | Reached XP level 5. HP: 34/38 MP: 1/8
  4068 | D:3      | HP: 1/39 [jelly (3)]
  4068 | D:3      | Splashed by a jelly's acid

Illustrated notes

Levels and vault maps discovered:
D:1:      sevenhm_arrival_forest_fort_small_2, layout_loops_ring,
          serial_park_tiny_2, nicolae_figureground_sparkle
D:2:      layout_basic, basic_altar
D:3:      layout_basic, mainiacjoe_overflow_24_doors
D:4:      layout_rooms, nicolae_gozag_seed_capital

Skill      XL: |  1  2  3  4  5 |
---------------+----------------+-----
Spellcasting   | 2 3 |  3.0
Unarmed Combat | 1 |  1.2
Necromancy     | 5 |  5.2
Fighting       | |  0.3
Armour         | |  0.3
Dodging        | |  1.8
Stealth        | |  2.4

Action                   |  1- 3 |  4- 6 || total
-------------------------+-------+-------++-------
Melee: Unarmed           |    94 |    23 ||   117
       Punch             |     1 |       ||     1
       Whip              |       |     9 ||     9
 Cast: Necrotise         |    55 |    94 ||   149
Armor: Robe              |    30 |       ||    30
       Leather armour    |       |    17 ||    17
Dodge: Dodged            |   104 |    36 ||   140

Table legend: (Time is in decaauts)
 A = Elapsed time spent in this place.
 B = Non-inter-level travel time spent in this place.
 C = Inter-level travel time spent in this place.
 D = Time resting spent in this place.
 E = Time spent auto-exploring this place.
 F = Levels seen in this place.
 G = Mean time per level.
                   A        B        C        D        E       F      G
               +--------+--------+--------+--------+--------+-----+--------+
         Total |   4069 |   3794 |    275 |    304 |   2732 |   4 | 1017.2 |
       Dungeon |   4069 |   3794 |    275 |    304 |   2732 |   4 | 1017.2 |
               +--------+--------+--------+--------+--------+-----+--------+

Top non-repeatable levels by time:
     D:2: 1736 daAuts
     D:1: 1240 daAuts
     D:3: 957 daAuts
     D:4: 135 daAuts
